 Dungeon Sprint DCSS version 0.28-b1-1-g3c77fb2ed1 (webtiles) character file.

Game seed: 1570035784930898175

12391 rocky1 the End of an Era (level 11, -3/92 HPs)
             Began as a Demonspawn Fighter on Jan 31, 2022.
             Was the Champion of Qazlal.
             Slain by a minotaur (34 damage)
             ... in the Dungeon (Sprint VII: "The Pits").
             The game lasted 00:13:38 (2881 turns).

rocky1 the End of an Era (Demonspawn Fighter)       Turns: 2881, Time: 00:13:39

Health: -3/92      AC: 18    Str: 20    XL:     11   Next: 61%
Magic:  16/24      EV: 10    Int: 12    God:    Qazlal [******]
Gold:   41         SH: 13    Dex: 14    Spells: 10/10 levels left

rFire   + . .      SeeInvis .   a - +1 broad axe (freeze)
rCold   . . .      Faith    .   c - +0 buckler
rNeg    . . .      Spirit   .   v - +4 chain mail
rPois   .          Reflect  .   (helmet restricted)
rElec   .          Harm     .   (no cloak)
rCorr   .          Rampage  .   (no gloves)
Will    .....      NoTele   +   (no boots)
Stlth   ..........              (no amulet)
HPRegen 0.25/turn               w - ring of protection from fire
MPRegen 0.19/turn               r - +3 ring of intelligence

@: protected from physical damage, repel missiles
A: claws 1, hooves 2, horns 2, ignite blood 2, demonic magic 2
a: Renounce Religion, Upheaval, Elemental Force, Disaster Area


You were in the Dungeon.
You worshipped Qazlal.
Qazlal was exalted by your worship.
You visited 1 branch You collected 41 gold pieces.

Inventory:

Hand Weapons
 a - a +1 broad axe of freezing (weapon)
 n - a +2 scimitar of flaming
Missiles
 o - 2 throwing nets (quivered)
Armour
 c - a +0 buckler (worn)
 v - a +4 chain mail (worn)
Jewellery
 r - a +3 ring of intelligence (right claw)
 w - a ring of protection from fire (left claw)
Wands
 b - a wand of iceblast (12)
Scrolls
 j - 6 scrolls of blinking
 l - 5 scrolls of amnesia
 m - a scroll of summoning
 x - 3 scrolls of fear
 y - a scroll of fog
 z - 2 scrolls of enchant weapon
 A - 3 scrolls of identify
Potions
 d - 3 potions of might
 e - 7 potions of curing
 f - 10 potions of heal wounds
 g - 3 potions of haste
 h - 4 potions of magic
 i - 4 potions of berserk rage
 k - 2 potions of invisibility
 p - 3 potions of lignification {unknown}
 s - a potion of brilliance
 t - a potion of resistance
 u - 3 potions of mutation


   Skills:
 + Level 10.6 Fighting
 + Level 16.6 Axes
 + Level 9.7 Armour
 + Level 8.0 Dodging
 - Level 5.8 Shields
 + Level 19.9 Invocations


You had 10 spell levels left.
You didn't know any spells.
Your spell library contained the following spells:

 Spells                   Type           Power      Damage    Failure   Level
 Alistair's Intoxication  Tmut/Pois      0%         N/A       100%        5
 Borgnjor's Vile Clutch   Necr/Erth      0%         N/A       100%        5
 Eringya's Noxious Bog    Tmut/Pois      0%         N/A       100%        6


Dungeon Overview and Level Annotations

Branches:
Dungeon (1/1)

Altars:
Ashenzari
Cheibriados
Dithmenos
Elyvilon
Fedhas
Gozag
Hepliaklqana
Kikubaaqudgha
Makhleb
Nemelex Xobeh
Okawaru
Qazlal
Ru
Sif Muna
Trog
Uskayaw
Vehumet
Wu Jian
Xom
Yredelemnul
Zin
The Shining One
Beogh
Jiyva
Lugonu


Innate Abilities, Weirdness & Mutations

You have sharp fingernails.
You have hoof-like feet.
You have a pair of horns on your head.
Your demonic aura often causes spilled blood to erupt in flames.
Spells you cast may paralyse nearby enemies.


Message History

You kill the two-headed ogre!
Qazlal accepts your kill.
The blast of ice hits the curse toe!!
The curse toe partially resists.
The curse toe is heavily damaged.
The curse toe is flash-frozen.
The blast of ice hits the ogre mage!!
The ogre mage is almost dead.
The ogre mage is flash-frozen.
The blast of ice hits the curse toe.
The curse toe partially resists.
The curse toe is heavily damaged.
The blast of ice hits the ice devil!
The ice devil partially resists.
You kill the ice devil!
Qazlal accepts your kill.
The minotaur hits you with the +10 scimitar of Sechup {speed, Fly rElec Str+4}!!
You block the minotaur's attack.
Your Dodging skill increases to level 8!
Unknown command.
Unknown command.
Unknown command.
Unknown command.
You barely miss the minotaur.
The minotaur furiously retaliates!
The minotaur headbutts you.
Your kick misses the minotaur.
The hell beast is struck by lightning.
The minotaur is engulfed in blazing flames.
The minotaur hits you with the +10 scimitar of Sechup {speed, Fly rElec Str+4}!
You feel protected from physical attacks.
The minotaur gores you.
You feel more protected from physical attacks.
You closely miss the minotaur.
You kick the minotaur, but do no damage.
The minotaur is lightly wounded.
The curse toe is no longer encased in ice.
The minotaur is engulfed in blazing flames.
The minotaur hits you with the +10 scimitar of Sechup {speed, Fly rElec Str+4}!!!
* * * LOW HITPOINT WARNING * * *
You block the minotaur's attack.
You feel much better.
The ogre mage is no longer encased in ice.
The minotaur is engulfed in blazing flames.
The minotaur hits you with the +10 scimitar of Sechup {speed, Fly rElec Str+4}!!
You die...

##############..#....#..
............''..........
............''≈.........
##########..##..#.§..#..
#..##...§......
+..##.≈........
#..####'°####++
#..####☼§###
#..##.○@○..#
##########..##.#H##.#
............##.#2z .#
............## O○)# #
#''########## #))'
#''###### +§)#.
........# ##+#.
.#......# # ........+


You could see a curse toe, a hell beast, a minotaur and an ogre mage.

Vanquished Creatures
  An emperor scorpion (D)
  A dire elephant (D)
  Harold (D)
  A naga warrior (D)
  Erica (D)
  2 two-headed ogres (D)
  A sixfirhy (D)
  A sea snake (D)
  A cyclops (D)
  A salamander (D)
  2 merfolk sirens (D)
  A molten gargoyle (D)
  A smoke demon (D)
  A gargoyle (D)
  A cane toad (D)
  A rime drake (D)
  A freezing wraith (D)
  An ice devil (D)
  A guardian mummy (D)
  A merfolk (D)
  3 spriggans (D)
  A wandering mushroom (D)
  A jumping spider (D)
  A wraith (D)
  A basilisk (D)
  A chaos spawn (D)
  3 nagas (D)
  A water moccasin (D)
  3 floating eyes (D)
  An ice beast (D)
  A sky beast (D)
  An ogre (D)
  A wolf (D)
  A centaur (D)
  2 phantoms (D)
  A scorpion (D)
  A gnoll sergeant (D)
  3 killer bees (D)
  2 crimson imps (D)
  2 iron imps (D)
  2 iguanas (D)
  2 adders (D)
  7 gnolls (D)
  An ufetubus (D)
  A worm (D)
  An orc (D)
  A goblin (D)
  A quokka (D)
  A bat (D)
  A frilled lizard (D)
  A jackal zombie (D)
  A kobold (D)
  A quokka zombie (D)
  2 rats (D)
76 creatures vanquished.

Notes
Turn   | Place    | Note
-------+----------+-------------------------------------------
     0 | D        | rocky1 the Demonspawn Fighter began the quest for the Orb.
     0 | D        | Reached XP level 1. HP: 18/18 MP: 1/1
    11 | D        | Noticed a floating eye
    14 | D        | Killed a floating eye
    15 | D        | Gained mutation: Your demonic aura sometimes causes spilled
                  | blood to erupt in flames. [demonic ancestry]
    15 | D        | Reached XP level 2. HP: 24/24 MP: 2/2
    15 | D        | Gained mutation: Your demonic aura often causes spilled
                  | blood to erupt in flames. [demonic ancestry]
    15 | D        | Reached XP level 3. HP: 29/29 MP: 3/3
    15 | D        | Gained mutation: Spells you cast may paralyse adjacent
                  | enemies. [demonic ancestry]
    15 | D        | Reached XP level 4. HP: 35/35 MP: 4/4
    19 | D        | Found a bloodstained altar of Trog.
    19 | D        | Found a shimmering blue altar of Sif Muna.
    19 | D        | Found a viscous altar of Jiyva.
    19 | D        | Found a hazy altar of Hepliaklqana.
    19 | D        | Found an opulent altar of Gozag.
    20 | D        | Found a basalt altar of Yredelemnul.
    20 | D        | Found a shimmering altar of Xom.
    20 | D        | Found an ornate altar of the Wu Jian Council.
    20 | D        | Found a sacrificial altar of Ru.
    20 | D        | Found a stormy altar of Qazlal.
    20 | D        | Found an iron altar of Okawaru.
    20 | D        | Found a sparkling altar of Nemelex Xobeh.
    20 | D        | Found a burning altar of Makhleb.
    20 | D        | Found a blossoming altar of Fedhas.
    20 | D        | Found a shadowy altar of Dithmenos.
    20 | D        | Found a snail-covered altar of Cheibriados.
    23 | D        | Found a corrupted altar of Lugonu.
    23 | D        | Found a radiant altar of Vehumet.
    24 | D        | Found an ancient bone altar of Kikubaaqudgha.
    24 | D        | Found a hide-covered altar of Uskayaw.
    24 | D        | Found a broken altar of Ashenzari.
    27 | D        | Became a worshipper of Qazlal Stormbringer
    68 | D        | Reached * piety under Qazlal
   185 | D        | Reached ** piety under Qazlal
   256 | D        | Noticed a gnoll sergeant
   257 | D        | Noticed a scorpion
   257 | D        | Noticed a floating eye
   262 | D        | Discovered your monstrous ancestry.
   262 | D        | Gained mutation: You have large cloven feet. [demonic
                  | ancestry]
   262 | D        | Reached XP level 5. HP: 41/41 MP: 5/5
   263 | D        | Reached *** piety under Qazlal
   263 | D        | Paralysed by a floating eye for 4 turns
   264 | D        | Reached skill level 1 in Invocations
   265 | D        | Killed a floating eye
   266 | D        | Reached skill level 4 in Invocations
   274 | D        | Reached skill level 5 in Shields
   274 | D        | Gained mutation: You have a pair of small horns on your
                  | head. [demonic ancestry]
   274 | D        | Reached XP level 6. HP: 30/50 MP: 6/9
   274 | D        | Reached **** piety under Qazlal
   276 | D        | Reached skill level 5 in Fighting
   276 | D        | Reached skill level 5 in Invocations
   279 | D        | Reached skill level 5 in Armour
   288 | D        | Reached ***** piety under Qazlal
   289 | D        | Reached skill level 6 in Invocations
   412 | D        | Noticed a cyclops
   420 | D        | Killed a cyclops
   421 | D        | Reached skill level 10 in Invocations
   421 | D        | Gained mutation: Spells you cast may paralyse nearby
                  | enemies. [demonic ancestry]
   421 | D        | Reached XP level 7. HP: 57/57 MP: 4/14
   628 | D        | Noticed Harold
   628 | D        | Noticed a freezing wraith
   631 | D        | Reached skill level 11 in Invocations
   631 | D        | Gained mutation: You have sharp fingernails. [demonic
                  | ancestry]
   631 | D        | Reached XP level 8. HP: 64/64 MP: 9/16
   633 | D        | Killed a freezing wraith
   634 | D        | Reached skill level 12 in Invocations
   643 | D        | Killed Harold
   644 | D        | Reached skill level 14 in Invocations
   918 | D        | Noticed a smoke demon
   920 | D        | Gained mutation: You have hoof-like feet. [demonic
                  | ancestry]
   920 | D        | Reached XP level 9. HP: 69/69 MP: 15/19
   930 | D        | Killed a smoke demon
   931 | D        | Reached skill level 15 in Invocations
   992 | D        | Noticed a molten gargoyle
  1001 | D        | Reached ****** piety under Qazlal
  1001 | D        | Noticed a rime drake
  1002 | D        | Killed a molten gargoyle
  1002 | D        | Killed a rime drake
  1003 | D        | Reached skill level 16 in Invocations
  1258 | D        | Noticed a guardian mummy
  1259 | D        | Noticed a merfolk siren
  1266 | D        | Killed a guardian mummy
  1267 | D        | Reached skill level 1 in Dodging
  1267 | D        | Reached skill level 17 in Invocations
  1281 | D        | Killed a merfolk siren
  1282 | D        | Reached skill level 15 in Axes
  1282 | D        | Gained mutation: You have a pair of horns on your head.
                  | [demonic ancestry]
  1282 | D        | Reached XP level 10. HP: 33/77 MP: 22/22
  1688 | D        | Noticed a gargoyle
  1696 | D        | Killed a gargoyle
  1704 | D        | Noticed a merfolk siren
  1709 | D        | Killed a merfolk siren
  1713 | D        | Noticed a cane toad
  1713 | D        | Noticed a salamander
  1713 | D        | Noticed a naga warrior
  1714 | D        | Noticed a dire elephant
  1721 | D        | Killed a dire elephant
  1722 | D        | Reached skill level 18 in Invocations
  1726 | D        | Killed a naga warrior
  1727 | D        | Reached skill level 5 in Dodging
  1727 | D        | HP: 3/120 [salamander (6)]
  1728 | D        | Killed a salamander
  1733 | D        | Killed a cane toad
  1994 | D        | Noticed a sea snake
  1998 | D        | Killed a sea snake
  1999 | D        | Reached XP level 11. HP: 87/87 MP: 24/24
  2223 | D        | Noticed an emperor scorpion
  2223 | D        | Noticed a sixfirhy
  2223 | D        | Noticed Erica
  2229 | D        | Killed a sixfirhy
  2229 | D        | Killed Erica
  2230 | D        | Reached skill level 19 in Invocations
  2235 | D        | Killed an emperor scorpion
  2236 | D        | Reached skill level 10 in Fighting
  2877 | D        | Identified the +10 scimitar of Sechup {speed, Fly rElec
                  | Str+4}
  2877 | D        | Noticed a minotaur
  2877 | D        | Noticed a hell beast
  2877 | D        | Noticed a curse toe
  2877 | D        | Noticed an ogre mage
  2877 | D        | Noticed a two-headed ogre
  2877 | D        | Noticed a two-headed ogre
  2878 | D        | Killed a two-headed ogre
  2878 | D        | Killed a two-headed ogre
  2881 | D        | Slain by a minotaur

Illustrated notes

Levels and vault maps discovered:
D:        pitsprint [storerooms_1, entrance_room_1, metal_vault_1, armoury_2,
          mini_pit_1, grid_room_1, main_hall_1, silver_pit, the_coven_3,
          the_vestibule_1, steel_vault_3, golden_pit, hallway_of_sentries,
          crystal_vault_4, iron_vault_1, final_vault]

Skill      XL: |  1  2  3  4  5  6  7  8  9 10 11 |
---------------+----------------------------------+-----
Axes           | 8 9 11 13 15 16 | 16.6
Shields        | 3 5 |  5.8
Armour         | 4 5 6 8 9 |  9.7
Invocations    | 4 10 11 14 17 18 19 | 19.9
Fighting       | 4 5 6 8 10 | 10.6
Dodging        | 2 6 8 |  8.0

Action                   |  1- 3 |  4- 6 |  7- 9 | 10-12 || total
-------------------------+-------+-------+-------+-------++-------
Melee: War axe           |     2 |    18 |       |       ||    20
       Hand axe          |       |    27 |    23 |       ||    50
       Kick              |       |     8 |    18 |    18 ||    44
       Headbutt          |       |     5 |    12 |     8 ||    25
       Broad axe         |       |       |    31 |    44 ||    75
Invok: Upheaval          |       |     2 |     5 |     4 ||    11
       Disaster Area     |       |       |       |     2 ||     2
  Use: Potion            |       |     1 |     2 |     3 ||     6
Armor: Scale mail        |       |     8 |       |       ||     8
       Chain mail        |       |    20 |    29 |     7 ||    56
Dodge: Dodged            |       |    18 |    12 |     8 ||    38
       Repelled          |       |     1 |       |       ||     1
Block: Buckler           |       |    20 |    43 |    29 ||    92
